 Dungeon Crawl Stone Soup version 0.22-a0-565-gfc6459a (webtiles) character file.

261 Ijustatesigmund the Chopper (level 6, -6/56 HPs)
             Began as a Hill Orc Fighter on June 28, 2018.
             Killed by divine providence
             ... invoked by an orc priest
              (12 damage)
             ... on level 3 of the Dungeon.
             The game lasted 00:03:50 (2429 turns).

Ijustatesigmund the Chopper (Hill Orc Fighter)      Turns: 2429, Time: 00:03:53

Health: -6/56      AC: 11    Str: 19    XL:     6   Next: 18%
Magic:  6/6        EV:  3    Int: 13    God:
Gold:   102        SH:  9    Dex: 12    Spells: 5/5 levels left

rFire    . . .     SeeInvis .   a - +0 war axe
rCold    . . .     Gourm    .   c - +0 shield
rNeg     . . .     Faith    .   b - +0 plate armour
rPois    .         Spirit   .   (no helmet)
rElec    .         Reflect  .   (no cloak)
rCorr    .         Harm     .   (no gloves)
MR       .....                  (no boots)
Stlth    ..........             (no amulet)
HPRegen  0.18/turn              (no ring)
MPRegen  0.10/turn              (no ring)

@: brilliant
A: no striking features
a: Convert to Beogh


You were on level 3 of the Dungeon.
You were hungry.

You visited 1 branch of the dungeon, and saw 3 of its levels.

You collected 102 gold pieces.

Inventory:

Hand Weapons
 a - a +0 war axe (weapon)
Missiles
 o - 5 steel javelins (quivered)
Armour
 b - a +0 plate armour (worn)
 c - a +0 shield (worn)
Scrolls
 d - a scroll of teleportation {unknown}
 e - 3 scrolls of identify {unknown}
 g - a scroll of noise {unknown}
 j - a scroll of enchant armour {unknown}
 k - a scroll of fear {unknown}
 n - a scroll of fog {unknown}
 p - a scroll of blinking {unknown}
Potions
 i - 2 potions of brilliance
 l - a potion of haste {unknown}
 m - a potion of lignification {unknown}
Comestibles
 f - 3 rations


   Skills:
 + Level 5.5 Fighting
 + Level 6.4 Axes
 + Level 4.0 Armour
 - Level 3.2 Shields


You had 5 spell levels left.
You didn't know any spells.
Your spell library was empty.

Dungeon Overview and Level Annotations

Branches:
Dungeon (3/15)

Altars:


Message History

* * * LOW HITPOINT WARNING * * *
You block the orc priest's attack.
You hit the orc priest but do no damage.
The orc priest is almost dead.
You closely miss the orc. The orc hits you but does no damage.
The orc priest barely misses you.
You hit the orc priest.
The orc priest threatens, "By the altar or by the axe, you will meet Beogh!"
The orc priest is almost dead.
You completely miss the orc.
The orc priest hits you but does no damage.
The orc hits you but does no damage.
You hit the orc priest but do no damage.
The orc priest is almost dead.
You hit the orc.
You kill the orc!
The orc priest looks encouraged for a moment.
The orc priest calls down the wrath of Beogh upon you.
Beogh smites you!
You die...

#.#.#. . # #.#.#.# # #.
#.#.#.# # ###.####
#.#.#.# # #......#
#.#.#.# # #......#
#####.#.#.# #
#....))###.....#.#.####
#....o@............((..
#.......##.#...#..(....
###........#...##......
#......##.######..####
#.....>+........>.....
#...$..##.........####
#......##.).......#
#......###......#.#
#......# ########.#


You could see an orc priest.

Vanquished Creatures
  An orc priest (D:3)
  A worker ant (D:2)
  An orc wizard (D:2)
  4 gnolls (D:3)
  4 adders
  2 worms
  5 leopard geckos
  17 orcs
  A ball python (D:2)
  3 giant cockroaches
  6 goblins
  4 hobgoblins
  8 jackals
  A quokka (D:3)
  3 bats
  3 frilled lizards
  9 kobolds
  13 rats
86 creatures vanquished.

Notes
Turn   | Place    | Note
-------+----------+-------------------------------------------
     0 | D:1      | Ijustatesigmund the Hill Orc Fighter began the quest for the Orb.
     0 | D:1      | Reached XP level 1. HP: 19/19 MP: 1/1
     7 | D:1      | Reached skill level 3 in Axes
    90 | D:1      | Reached XP level 2. HP: 23/27 MP: 2/2
   287 | D:1      | Reached skill level 4 in Axes
   479 | D:2      | Reached XP level 3. HP: 33/33 MP: 3/3
   589 | D:2      | Reached skill level 5 in Axes
   589 | D:2      | Reached XP level 4. HP: 25/41 MP: 4/4
  1078 | D:2      | Reached XP level 5. HP: 6/47 MP: 5/5
  1710 | D:3      | Reached skill level 5 in Fighting
  1824 | D:3      | Reached skill level 6 in Axes
  2131 | D:3      | Reached XP level 6. HP: 53/56 MP: 6/6
  2425 | D:3      | HP: 2/56 [orc priest/divine providence (8)]
  2429 | D:3      | Killed from afar by an orc priest

Vault maps used:
D:1:      roderic_crossed_star
D:2:      minmay_misc_feat_roman

Skill      XL: |  1  2  3  4  5  6 |
---------------+-------------------+-----
Axes           | 3 4 5 6 |  6.4
Fighting       | 4 5 |  5.5
Armour         | 4 |  4.0
Shields        | |  3.2

Action                   |  1- 3 |  4- 6 || total
-------------------------+-------+-------++-------
Melee: War axe           |   100 |   155 ||   255
  Use: Scroll            |     3 |       ||     3
       Potion            |       |     6 ||     6
  Eat: Ration            |       |     1 ||     1
       Chunk             |       |     1 ||     1
Armor: Scale mail        |    41 |    21 ||    62
       Plate armour      |       |    63 ||    63
Dodge: Dodged            |    38 |    36 ||    74
Block: Shield            |    40 |    78 ||   118

Table legend:
 A = Spawn XP
 B = Non-spawn XP
 C = Spawn XP percentage of total XP
 D = Spawn monster count
 E = Non-spawn monster count
 F = Spawn count percentage of total count
 G = Total turns spent on level
                    A         B        C        D         E        F      G
               +---------+---------+-------+---------+---------+-------+---------
         Total |       0 |     373 |   0.0 |       0 |      86 |   0.0 |  2429
               +---------+---------+-------+---------+---------+-------+---------
           D:1 |       0 |      33 |   0.0 |       0 |      21 |   0.0 |   472
           D:2 |       0 |     146 |   0.0 |       0 |      30 |   0.0 |  1111
           D:3 |       0 |     194 |   0.0 |       0 |      35 |   0.0 |   846
               +---------+---------+-------+---------+---------+-------+---------
